 Dungeon Crawl Stone Soup version 0.26.0-10-g1f06aea511 (webtiles) character file.

Game seed: 9906961100269744004

99 raph the Digger (level 4, 0/33 HPs)
             Began as a Demigod Earth Elementalist on Feb 1, 2021.
             Slain by a leopard gecko (4 damage)
             ... on level 1 of the Dungeon.
             The game lasted 00:04:06 (1929 turns).

raph the Digger (Demigod Earth Elementalist)        Turns: 1929, Time: 00:04:07

Health: 0/33       AC:  3    Str: 11    XL:     4   Next: 22%
Magic:  6/9        EV: 13    Int: 21    God:
Gold:   82         SH:  0    Dex: 16    Spells: 1/7 levels left

rFire    . . .     SeeInvis .   k - +0 flail
rCold    . . .     Faith    .   (no shield)
rNeg     . . .     Spirit   .   c - +0 robe
rPois    .         Reflect  .   (no helmet)
rElec    .         Harm     .   (no cloak)
rCorr    .         Rampage  .   (no gloves)
Will     .....                  h - +0 pair of boots
Stlth    ++........             (no amulet)
HPRegen  0.11/turn              (no ring)
MPRegen  0.11/turn              (no ring)

@: no status effects
A: high mp 1
a: no special abilities


You were on level 1 of the Dungeon.
You visited 1 branch of the dungeon, and saw 2 of its levels.

You collected 82 gold pieces.

Inventory:

Hand Weapons
 d - a +0 mace
 k - a +0 flail (weapon)
Armour
 c - a +0 robe (worn)
 h - a +0 pair of boots (worn)
Jewellery
 f - an uncursed ring of resist corrosion {unknown}
Scrolls
 a - 4 scrolls of remove curse {unknown}
 b - a scroll of immolation {unknown}
 i - a scroll of fog {unknown}
Potions
 e - 2 potions of attraction {unknown}
 g - a potion of degeneration {unknown}
 j - 2 potions of curing {unknown}


   Skills:
 - Level 2.1 Dodging
 - Level 2.2 Stealth
 - Level 2.1 Spellcasting
 + Level 0.2 Conjurations
 - Level 0.8 Transmutations
 * Level 4.1 Earth Magic


You had one spell level left.
You knew the following spells:

 Your Spells              Type           Power        Failure   Level
a - Sandblast             Erth           38%          2%          1
b - Passwall              Tmut/Erth      10%          8%          2
c - Stone Arrow           Conj/Erth      22%          17%         3

Your spell library contained the following spells:

 Spells                   Type           Power        Failure   Level
 Petrify                  Tmut/Erth      12%          45%         4
 Lee's Rapid Deconstruct  Erth           9%           58%         5


Dungeon Overview and Level Annotations

Branches:
Dungeon (2/15)


Innate Abilities, Weirdness & Mutations

You have an increased reservoir of magic. (+10% MP)


Message History

The leopard gecko closely misses you.
You miss the leopard gecko.
The leopard gecko is heavily wounded.
The leopard gecko bites you but does no damage.
The leopard gecko bites you.
* * * LOW HITPOINT WARNING * * *
Casting: Stone Arrow (quite dangerous; 17% risk of failure)
Confirm with . or Enter, or press ? or * to list all spells.
The spell is quite dangerous to cast (17% risk of failure)!
Continue anyway?
Aiming: Stone Arrow (quite dangerous; 17% risk of failure)
Press: ? - help, Shift-Dir - straight line, f/p - leopard gecko
Aim: a leopard gecko (heavily wounded, 48% to evade)
The stone arrow misses the leopard gecko.
The stone arrow misses the hobgoblin.
The leopard gecko barely misses you.
Unknown command.
The leopard gecko closely misses you. The leopard gecko bites you.
* * * LOW HITPOINT WARNING * * *
The leopard gecko bites you.
You die...

#....# #...).........##..
#....# #...........######
#....# #..........## #†##
#.#### #..........####.#
#.#######.........#'.#.##
#................####.###
#....####......### ##..##
#...........#### ###.#
#.....###@### ##)##
#####.###l# #...# #.....#
##.#.# ####.g# #....#
#..# ###.##
#..################
#....g.............
#..####.########.#.
#.....#.# #.#.


You could see a leopard gecko and a hobgoblin.

Vanquished Creatures
  3 gnolls (D:2)
  2 adders (D:2)
  An ooze (D:1)
  2 dart slugs (D:1)
  2 leopard geckos
  2 giant cockroaches (D:1)
  4 hobgoblins (D:1)
  A quokka (D:2)
  5 bats
  5 frilled lizards
  7 goblins
  5 kobolds
  7 rats
46 creatures vanquished.

Notes
Turn   | Place    | Note
-------+----------+-------------------------------------------
     0 | D:1      | raph the Demigod Earth Elementalist began the quest for the
                  | Orb.
     0 | D:1      | Reached XP level 1. HP: 14/14 MP: 5/5
   382 | D:1      | Reached skill level 3 in Earth Magic
   382 | D:1      | Reached XP level 2. HP: 20/20 MP: 4/7
   975 | D:1      | Reached XP level 3. HP: 15/26 MP: 8/8
   982 | D:1      | Learned a level 2 spell: Passwall
  1111 | D:1      | Learned a level 3 spell: Stone Arrow
  1649 | D:2      | Reached skill level 4 in Earth Magic
  1649 | D:2      | Reached XP level 4. HP: 30/33 MP: 4/9
  1929 | D:1      | Slain by a leopard gecko

Illustrated notes

Levels and vault maps discovered:
D:1:      dpeg_cavernosity, layout_basic, serial_glass, glass_columns_a,
          glass_columns_c, kennysheep_minor_cross, grunt_decor_one_mirror
D:2:      wad_crossroads, layout_rooms, st_stairs_2

Skill      XL: |  1  2  3 |
---------------+----------+-----
Stealth        | 2 |  2.2
Dodging        | 2 |  2.1
Earth Magic    | 3 4 |  4.1
Spellcasting   | 2 |  2.1
Conjurations   | |  0.2
Transmutations | |  0.8

Action                   |  1- 3 |  4- 6 || total
-------------------------+-------+-------++-------
Melee: Mace              |    41 |       ||    41
       Flail             |    22 |    30 ||    52
 Cast: Sandblast         |    33 |       ||    33
       Stone Arrow       |     2 |     1 ||     3
 Stab: Sleeping          |     5 |     1 ||     6
Armor: Robe              |    19 |    12 ||    31
Dodge: Dodged            |    66 |    45 ||   111
